 Dungeon Crawl Stone Soup version 0.24.0-7-gb3623d2c88 (webtiles) character file.

Game seed: 16827444582903270110, levelgen mode: deterministic

588 Aviak the Skirmisher (level 7, -3/62 HPs)
             Began as a Hill Orc Artificer on Nov 2, 2019.
             Slain by Edmund
             ... wielding a +0 flail of protection
              (5 damage)
             ... on level 4 of the Dungeon.
             The game lasted 00:08:39 (4119 turns).

Aviak the Skirmisher (Hill Orc Artificer)           Turns: 4119, Time: 00:08:39

Health: -3/62      AC: 10    Str: 17    XL:     7   Next: 38%
Magic:  9/9        EV: 12    Int: 11    God:
Gold:   148        SH:  0    Dex: 11    Spells: 6/6 levels left

rFire    + . .     SeeInvis .   u - +0 hand axe
rCold    . . .     Gourm    .   (no shield)
rNeg     . . .     Faith    .   m - +2 ring mail {rF+}
rPois    .         Spirit   .   n - +0 helmet
rElec    .         Reflect  .   o - +0 cloak
rCorr    .         Harm     .   l - +0 pair of gloves
MR       .....                  (no boots)
Stlth    +.........             (no amulet)
HPRegen  0.20/turn              (no ring)
MPRegen  0.11/turn              (no ring)

@: lethally poisoned (-3 -> -3)
A: no striking features
a: no special abilities


You were on level 4 of the Dungeon.
You were not hungry.

You visited 1 branch of the dungeon, and saw 4 of its levels.

You collected 148 gold pieces.

Inventory:

Hand Weapons
 u - a +0 hand axe (weapon)
Armour
 b - a +0 leather armour
 l - a +0 pair of gloves (worn)
 m - a +2 ring mail of fire resistance (worn)
 n - a +0 helmet (worn)
 o - a +0 cloak (worn)
Jewellery
 q - an uncursed ring of protection from magic {unknown}
Wands
 d - a wand of enslavement (8)
 e - a wand of random effects (6)
Scrolls
 g - 2 scrolls of enchant weapon
 h - a scroll of fear
 i - 4 scrolls of identify
 k - a scroll of immolation {unknown}
 r - 2 scrolls of remove curse
 s - a scroll of amnesia {unknown}
 t - 2 scrolls of teleportation
 x - a scroll of blinking
Potions
 a - a potion of berserk rage {unknown}
 c - a potion of curing
 j - a potion of resistance {unknown}
 p - a potion of might {unknown}
Comestibles
 f - 5 rations


   Skills:
 + Level 5.6 Fighting
   Level 1.0 Short Blades
 + Level 4.7 Axes
 + Level 4.2 Dodging
 - Level 0.7 Stealth
 - Level 3.0 Evocations


You had 6 spell levels left.
You didn't know any spells.
Your spell library was empty.

Dungeon Overview and Level Annotations

Branches:
Dungeon (4/15)
 Temple: D:4-7

Altars:
Ru

Annotations:
D:4 Edmund


Message History

t - Shout!
Orders for allies: a - Attack new target. r - Retreat! s - Stop attacking. g - Guard the area. f - Follow me.
Anything else - Cancel.
Gang up on whom?
Press: ? - help, Dir - move target cursor, f - orc
Aim: an orc, wielding a +0 dagger and wearing a +0 leather armour Attack!
Edmund hits the orc with a +0 flail of protection.
You swap places.
You feel sick. The orc hits you with a +0 dagger.
* * * LOW HITPOINT WARNING * * *
Edmund hits the orc with a +0 flail of protection!
The orc dies!
Edmund is no longer charmed.
You feel sick.
Okay, then.
You barely miss Edmund.
You feel sick.
Edmund hits you with a +0 flail of protection.
You die...

#..#.#.###.. ##
#...$).!.... ... ..
##.#.##.#.##### #..##.
#.......#.# #.#.#..##.
#.....#.#.#####.#.#..##.
#.!.#.#.#......... ..##.
### # #r#.###...#.##.##.
#@....#........##.
#@#.#.#...#.......
#.#.....#.##...##.
#.†....###.....##.
###..#..#.........
#...##......#####
##..#.......#
#####....#####
#.........## ###########


You could see Edmund and a quokka.

Vanquished Creatures
  Grinder (D:3)
  An ice beast (D:2)
  A crimson imp (D:3)
  Jessica (D:3)
  A worker ant (D:4)
  A hound skeleton (D:4)
  4 gnolls
  3 adders
  An ooze (D:2)
  5 worms
  3 dart slugs
  2 leopard geckos (D:2)
  4 orcs (D:3)
  9 bats
  7 giant cockroaches
  7 hobgoblins
  4 jackals (D:2)
  A quokka (D:3)
  A ball python (D:3)
  6 frilled lizards
  11 goblins
  9 kobolds
  9 rats
92 creatures vanquished.

Vanquished Creatures (collateral kills)
  A worker ant (D:4)
  An adder (D:4)
  An orc (D:4)
  A hobgoblin (D:2)
  A frilled lizard (D:2)
  A kobold (D:3)
6 creatures vanquished.

Grand Total: 98 creatures vanquished

Notes
Turn   | Place    | Note
-------+----------+-------------------------------------------
     0 | D:1      | Aviak the Hill Orc Artificer began the quest for the Orb.
     0 | D:1      | Reached XP level 1. HP: 16/16 MP: 3/3
   365 | D:1      | Reached skill level 2 in Fighting
   365 | D:1      | Reached XP level 2. HP: 21/24 MP: 4/4
   441 | D:1      | You fall into a shaft and drop 1 floor!
   797 | D:2      | Reached XP level 3. HP: 25/30 MP: 5/5
  1135 | D:1      | Reached skill level 3 in Fighting
  1489 | D:2      | Noticed an ice beast
  1720 | D:2      | Reached XP level 4. HP: 32/38 MP: 6/6
  2089 | D:2      | Killed an ice beast
  2089 | D:2      | Reached skill level 4 in Fighting
  2089 | D:2      | Reached XP level 5. HP: 6/46 MP: 7/7
  2286 | D:2      | Noticed a hungry ghost
  2647 | D:3      | Noticed Grinder
  2665 | D:2      | Paralysed by Grinder for 3 turns
  2670 | D:2      | Paralysed by Grinder for 6 turns
  2697 | D:3      | Paralysed by Grinder for 6 turns
  2729 | D:3      | Killed Grinder
  2729 | D:3      | Reached skill level 5 in Fighting
  2729 | D:3      | Reached XP level 6. HP: 12/56 MP: 8/8
  2914 | D:3      | Noticed Jessica
  2926 | D:3      | Killed Jessica
  3281 | D:3      | Reached XP level 7. HP: 59/61 MP: 9/9
  3685 | D:3      | Found a sacrificial altar of Ru.
  3819 | D:3      | Found a faded altar of an unknown god.
  4081 | D:4      | Noticed Edmund
  4112 | D:4      | HP: 3/62 [orc/+0 dagger (2)]
  4119 | D:4      | HP: 2/62 [poisoned by a worker ant]
  4119 | D:4      | Slain by Edmund

Levels and vault maps discovered:
D:1:      dpeg_arrival_pits, layout_loops_ring
D:2:      layout_loops_ring, minmay_pentomino_t4
D:3:      layout_loops_cross, nicolae_ru_sacrificial_ziggurat,
          chequers_ecumenical_altar_simple, kennysheep_donut,
          kennysheep_generic_room_4, uniq_jessica, uniq_grinder
D:4:      layout_loops_ring, serial_shops, shop, uniq_menkaure, uniq_edmund

Skill      XL: |  1  2  3  4  5  6  7 |
---------------+----------------------+-----
Fighting       | 2 3 4 5 |  5.6
Dodging        | 2 3 4 |  4.2
Axes           | 2 3 4 |  4.7
Short Blades   | |  1.0
Stealth        | |  0.7
Evocations     | |  3.0

Action                   |  1- 3 |  4- 6 |  7- 9 || total
-------------------------+-------+-------+-------++-------
Melee: Short sword       |   174 |    52 |       ||   226
       Hand axe          |       |   128 |   130 ||   258
Evoke: Wand              |     5 |    22 |     4 ||    31
  Use: Scroll            |     5 |     1 |       ||     6
       Potion            |       |     4 |       ||     4
  Eat: Chunk             |     3 |     3 |     3 ||     9
       Ration            |       |     3 |       ||     3
Armor: Leather armour    |    41 |       |       ||    41
       Ring mail         |    23 |    95 |    76 ||   194
Dodge: Dodged            |   103 |   121 |    90 ||   314
